[Event "Team 45 45 League T46"]
[Site "Internet Chess Club"]
[Date "2010.09.08"]
[Round "6"]
[White "KidCopperhead"]
[Black "mongmong"]
[Result "0-1"]
[WhiteElo "1407"]
[BlackElo "1474"]
[Opening "French: advance, Paulsen attack"]
[ECO "C02"]
[Time "20:02:20"]
[TimeControl "2700+45"]

1. e4 e6 2. d4 d5 3. e5 c5 4. c3 Nc6 5. Nf3 Qb6 6. Be3 Qxb2 7. Nbd2 Qxc3 8. Rc1
Qa5 9. dxc5 Nge7 10. a4 Nf5 11. Qb3 Nxe3 12. Qxe3 Be7 13. Bb5 Bd7 14. O-O a6 15.
Bxc6 Bxc6 16. Nd4 Bxc5 17. Nxc6 Bxe3 18. Nxa5 Bxd2 19. Rc2 Bxa5 20. Rb1 b6 21.
Rbc1 O-O 22. h3 d4 23. Rd1 Bc3 24. Kf1 b5 25. axb5 axb5 26. Rcc1 Ra2 27. Rb1 b4
28. g4 Rfa8 29. Kg2 Ra1 30. Kf3 Rxb1 31. Rxb1 d3 32. Ke3 d2 33. Ke2 Ra1 34. Rxa1
Bxa1 35. Kxd2 Bxe5 36. Kc2 Kf8 37. Kb3 Bc3 38. f3 Ke7 39. f4 Kd6 40. f5 exf5 41.
gxf5 Ke5 42. h4 Kxf5 43. Kc2 Kg4 44. Kc1 Kxh4 45. Kc2 f5 46. Kd1 g5 47. Ke2 Kg4
48. Kf2 h5 49. Kg2 b3 50. Kf2 b2 51. Ke2 b1=Q 52. Ke3 Qb4 53. Kd3 Bg7 54. Kc2
Qa3 55. Kd2 Kf4 56. Kc2 Ke4 57. Kd2 Qc3+ 58. Kd1 Qb2 59. Ke1 Ke3 60. Kf1 Qf2#
{White checkmated} 0-1

[Event "Team 45 45 League T46"]
[Site "Internet Chess Club"]
[Date "2010.09.14"]
[Round "6"]
[White "seattleblues"]
[Black "Jazzy-Jeff"]
[Result "0-1"]
[WhiteElo "1256"]
[BlackElo "1211"]
[Opening "French: exchange variation"]
[ECO "C01"]
[Time "21:30:15"]
[TimeControl "2700+45"]

1. e4 e6 2. d4 d5 3. exd5 exd5 4. Bd3 Bd6 5. Nd2 Qe7+ 6. Qe2 Nf6 7. Qxe7+ Kxe7
8. Ngf3 Re8 9. O-O Kf8 10. Re1 Rxe1+ 11. Nxe1 Nc6 12. c3 Be6 13. Ndf3 h6 14. Be3
Re8 15. Nc2 Ne7 16. Re1 Bf5 17. Bxf5 Nxf5 18. Bd2 Re4 19. Ne3 Nxe3 20. Bxe3 Ng4
21. h3 Nxe3 22. Rxe3 Rxe3 23. fxe3 g6 24. Kf2 c6 25. Ke2 Ke7 26. Kd3 f5 27. Nh4
Kf6 28. Nf3 g5 29. Nh2 Bxh2 30. Ke2 Bc7 31. Kf3 a5 32. a4 b5 33. b3 h5 34. Ke2
bxa4 35. bxa4 g4 36. h4 f4 37. exf4 Bxf4 38. Kd3 Ke6 39. Ke2 Kf5 40. Kd3 Bg3 41.
c4 Bxh4 42. cxd5 cxd5 43. Ke3 Bg5+ 44. Kd3 h4 45. Ke2 Ke4 {White resigns} 0-1

[Event "Team 45 45 League T46"]
[Site "Internet Chess Club"]
[Date "2010.09.10"]
[Round "6"]
[White "KidBoa"]
[Black "Conjurer"]
[Result "1-0"]
[WhiteElo "1311"]
[BlackElo "1262"]
[Opening "Sicilian: Smith-Morra gambit"]
[ECO "B21"]
[Time "14:35:39"]
[TimeControl "2700+45"]

1. e4 c5 2. d4 cxd4 3. Qxd4 Nc6 4. Qd1 e5 5. Nf3 Nf6 6. Nc3 Bb4 7. Bd3 d5 8. Bd2
O-O 9. exd5 Nxd5 10. Nxd5 Bxd2+ 11. Qxd2 Qxd5 12. Bxh7+ Kxh7 13. Qxd5 {Black
resigns} 1-0

[Event "Team 45 45 League T46"]
[Site "Internet Chess Club"]
[Date "2010.09.11"]
[Round "6"]
[White "alaskauk"]
[Black "Just-Jim"]
[Result "1-0"]
[WhiteElo "1521"]
[BlackElo "1344"]
[Opening "QP counter-gambit (elephant gambit)"]
[ECO "C40"]
[Time "11:32:10"]
[TimeControl "2700+45"]

1. e4 e5 2. Nf3 d5 3. exd5 Qxd5 4. Nc3 Qe6 5. b3 a6 6. Bb2 Nc6 7. Bc4 Qg6 8. Nh4
Qf6 9. Nd5 Qd6 10. a4 Nge7 11. Ba3 Qd7 12. Nxe7 Bxe7 13. Bxe7 Qxe7 14. Nf3 e4
15. Ng1 O-O 16. c3 Qg5 17. Bf1 Bg4 18. Ne2 Bxe2 19. Qxe2 Na5 20. Rb1 Rad8 21. g3
Rfe8 22. Qe3 Qg4 23. Bg2 Rd3 24. Qe2 Qxe2+ 25. Kxe2 Red8 26. Rhd1 f5 27. f3
exf3+ 28. Bxf3 g6 29. Rb2 c5 30. Bg2 c4 31. b4 Nc6 32. a5 R8d6 33. Bf1 Ne5 34.
Bg2 Ng4 35. Bxb7 Re6+ 36. Kf1 Nxh2+ 37. Kf2 Ng4+ 38. Kg1 Rxg3+ 39. Kh1 Nf2+ 40.
Kh2 f4 41. Bd5 Nxd1 42. Bxe6+ Kg7 43. Rb1 Nf2 44. Bxc4 Ne4 45. Bxa6 Nxd2 46. Rd1
Nf3+ 47. Kh1 Rh3+ 48. Kg2 Ng5 49. Bb7 Rxc3 50. a6 Rc2+ 51. Kf1 Ra2 52. b5 Ne6
53. Bc8 Nc5 54. Rc1 Nxa6 55. bxa6 h5 56. Rc7+ Kh6 57. a7 h4 58. Be6 Ra1+ 59. Kg2
g5 60. Bd5 Ra3 61. a8=Q h3+ 62. Kf2 Re3 63. Qh8+ Kg6 64. Qh7+ Kf6 65. Qf7+ Ke5
66. Rc4 h2 67. Qe6# {Black checkmated} 1-0

[Event "Team 45 45 League T46"]
[Site "Internet Chess Club"]
[Date "2010.09.10"]
[Round "6"]
[White "medsurg"]
[Black "Tjet"]
[Result "0-1"]
[WhiteElo "1290"]
[BlackElo "1541"]
[Opening "Philidor: Larsen variation"]
[ECO "B07"]
[Time "18:00:40"]
[TimeControl "2700+45"]

1. e4 d6 2. d4 e5 3. Nf3 exd4 4. Nxd4 g6 5. Be3 Bg7 6. Qd2 Nf6 7. Nc3 O-O 8. f3
a6 9. a4 b6 10. O-O-O Bb7 11. h4 Nc6 12. g4 Nxd4 13. Qxd4 Nxg4 14. fxg4 Bxd4 15.
Bxd4 c5 16. Be3 Re8 17. Bg2 Qc7 18. Rhf1 Bc6 19. Bf4 Rad8 20. Bg5 Rd7 21. h5 b5
22. Nd5 Bxd5 23. Rxd5 Re5 24. Rxe5 dxe5 25. hxg6 fxg6 26. Bh6 Rf7 27. Rd1 Rd7
28. Rf1 Rf7 29. Rd1 Rf2 30. Bf1 c4 31. axb5 axb5 32. Be3 Rxf1 33. Rxf1 Qc8 34.
Bh6 Qa8 35. Kb1 b4 36. Rf6 Qd8 37. Rf1 b3 38. Rf8+ Qxf8 39. Bxf8 Kxf8 40. cxb3
cxb3 41. Kc1 h5 42. g5 h4 43. Kd2 h3 {White resigns} 0-1

[Event "Team 45 45 League T46"]
[Site "Internet Chess Club"]
[Date "2010.09.15"]
[Round "6"]
[White "dpmdpm"]
[Black "milesotoole"]
[Result "0-1"]
[WhiteElo "1431"]
[BlackElo "1427"]
[Opening "Sicilian: accelerated fianchetto, Maróczy bind"]
[ECO "B36"]
[Time "09:00:37"]
[TimeControl "2700+45"]

1. e4 c5 2. Nf3 g6 3. d4 cxd4 4. Nxd4 Nc6 5. c4 Nf6 6. Nc3 d6 7. Be2 Nxd4 8.
Qxd4 Bg7 9. Be3 O-O 10. Qd2 Be6 11. O-O Qa5 12. a4 Rfc8 13. b3 Nd7 14. Rac1 Nc5
15. Qc2 a6 16. f3 Bd7 17. Nd5 Kf8 18. Rfd1 b5 19. axb5 axb5 20. Ra1 Bxa1 {White
resigns} 0-1

[Event "Team 45 45 League T46"]
[Site "Internet Chess Club"]
[Date "2010.09.10"]
[Round "6"]
[White "Toalla"]
[Black "otib2006"]
[Result "0-1"]
[WhiteElo "1167"]
[BlackElo "1234"]
[Opening "Sicilian"]
[ECO "B56"]
[Time "15:07:38"]
[TimeControl "2700+45"]

1. e4 c5 2. Nf3 d6 3. d4 cxd4 4. Nxd4 Nf6 5. Nc3 e5 6. Ndb5 Be7 7. Bc4 O-O 8.
O-O a6 9. Na3 b5 10. Bd5 Ra7 11. Ne2 Nbd7 12. Be3 Rc7 13. Qd2 Nxd5 14. exd5 Nc5
15. Bxc5 dxc5 16. b3 c4 17. bxc4 Bxa3 {White resigns} 0-1

[Event "Team 45 45 League T46"]
[Site "Internet Chess Club"]
[Date "2010.09.11"]
[Round "6"]
[White "Guoruey"]
[Black "CaoCao"]
[Result "0-1"]
[WhiteElo "1903"]
[BlackElo "1905"]
[Opening "English: Sicilian reversed"]
[ECO "A25"]
[Time "23:13:50"]
[TimeControl "2700+45"]

1. c4 Nc6 2. Nc3 e5 3. g3 d6 4. Bg2 f5 5. e3 Nf6 6. Nge2 Be7 7. O-O O-O 8. f4 e4
9. a3 Kh8 10. b4 Qe8 11. Nd5 Nxd5 12. cxd5 Bf6 13. Ra2 Ne7 14. d3 exd3 15. Qxd3
Bd7 16. Bb2 Bb5 17. Qd2 Bc4 18. Raa1 Bxb2 19. Qxb2 Nxd5 {White resigns} 0-1

[Event "Team 45 45 League T46"]
[Site "Internet Chess Club"]
[Date "2010.09.19"]
[Round "6"]
[White "kabindra"]
[Black "MeanMrMustard"]
[Result "1/2-1/2"]
[WhiteElo "1787"]
[BlackElo "1864"]
[Opening "French: Tarrasch, closed variation, main line"]
[ECO "C06"]
[Time "11:00:06"]
[TimeControl "2700+45"]

1. e4 e6 2. d4 d5 3. Nd2 Nf6 4. e5 Nfd7 5. Bd3 c5 6. c3 Nc6 7. Ne2 cxd4 8. cxd4
f6 9. Nf4 Nxd4 10. Qh5+ Ke7 11. Ng6+ hxg6 12. exf6+ Kxf6 13. Qxh8 Kf7 14. O-O
Nc5 15. Qh3 e5 16. Qe3 Nxd3 17. Qxd3 Bf5 18. Qe3 Nc2 19. Qxe5 Nxa1 20. Nf3 Be7
21. h4 Bf6 22. Bg5 Nc2 23. Bxf6 gxf6 24. Qf4 Rc8 25. h5 Rc4 26. hxg6+ Kxg6 27.
Nh4+ Kf7 28. Qxf5 Rxh4 29. Qxc2 Qh8 30. Qc7+ Kg6 31. Qg3+ Kf7 32. Qc7+ Kg6 33.
Qg3+ Kf7 34. f3 Rh1+ 35. Kf2 Rxf1+ 36. Kxf1 Qc8 37. b3 Qc1+ 38. Kf2 d4 39. Qd6
Qe3+ 40. Kg3 Qe5+ 41. Qxe5 fxe5 42. Kf2 Kf6 43. g3 Kf5 44. Ke2 b5 45. a4 bxa4
46. bxa4 a5 47. Kd3 Kf6 48. Ke4 Kg5 49. f4+ exf4 50. gxf4+ Kg4 51. Kxd4 Kxf4 52.
Kc5 Ke5 {Game drawn by mutual agreement} 1/2-1/2

[Event "Team 45 45 League T46"]
[Site "Internet Chess Club"]
[Date "2010.09.10"]
[Round "6"]
[White "christinaa"]
[Black "Twan709"]
[Result "1-0"]
[WhiteElo "2051"]
[BlackElo "1805"]
[Opening "Sicilian: Grand Prix attack"]
[ECO "B23"]
[Time "17:00:06"]
[TimeControl "2700+45"]

1. e4 c5 2. Nc3 Nc6 3. f4 g6 4. Nf3 Bg7 5. Bb5 Nd4 6. O-O a6 7. Bc4 e6 8. a3 Ne7
9. d3 O-O 10. Be3 Nec6 11. e5 d6 12. exd6 Qxd6 13. Ne4 Qe7 14. c3 b5 15. Ba2 f5
16. Ned2 Nxf3+ 17. Qxf3 Qd6 18. Nb3 c4 19. Bc5 Qd5 20. Bxf8 Qxf3 21. Rxf3 cxb3
22. Bxg7 bxa2 23. Bh6 e5 24. Rxa2 Bb7 25. b4 Ne7 26. Re3 e4 27. c4 Kf7 28. Bg5
Rc8 29. Bxe7 Kxe7 30. c5 Rd8 31. Kf2 Kf6 32. dxe4 Bxe4 33. a4 Rd4 34. axb5 axb5
35. Rb2 h6 36. Ra3 Bd3 37. Ke3 {Black resigns} 1-0

[Event "Team 45 45 League T46"]
[Site "Internet Chess Club"]
[Date "2010.09.13"]
[Round "6"]
[White "cepheid"]
[Black "ScotchYeti"]
[Result "0-1"]
[WhiteElo "1623"]
[BlackElo "1587"]
[Opening "Sicilian: Grand Prix attack"]
[ECO "B23"]
[Time "13:19:21"]
[TimeControl "2700+45"]

1. e4 c5 2. Nc3 Nc6 3. f4 e6 4. Nf3 a6 5. d3 b5 6. g3 Bb7 7. Bg2 Qc7 8. b3 d6 9.
O-O Be7 10. Qe1 Nf6 11. Bb2 O-O 12. Nd1 Rfe8 13. Ne3 d5 14. e5 Nd7 15. Kh1 d4
16. Ng4 f5 17. exf6 Bxf6 18. Nxf6+ Nxf6 19. Bh3 Qd6 20. Kg1 e5 21. fxe5 Nxe5 22.
Nxe5 Rxe5 23. Qf2 Rae8 24. Bc1 Re2 25. Qf5 Qc6 26. Rf3 Re1+ 27. Bf1 Qxf3 28.
Qxf3 Bxf3 29. Kf2 Ng4+ 30. Kg1 Be2 31. Bb2 Bxf1 32. Rxe1 Rxe1 33. Ba3 Bh3#
{White checkmated} 0-1

[Event "Team 45 45 League T46"]
[Site "Internet Chess Club"]
[Date "2010.09.11"]
[Round "6"]
[White "RamRock"]
[Black "viking99"]
[Result "1-0"]
[WhiteElo "1824"]
[BlackElo "1821"]
[Opening "French: exchange variation"]
[ECO "C01"]
[Time "20:30:20"]
[TimeControl "2700+45"]

1. e4 e6 2. d4 d5 3. exd5 exd5 4. Nf3 Nf6 5. Bg5 Bg4 6. Bd3 Be7 7. O-O O-O 8.
Nbd2 Nbd7 9. Re1 Re8 10. c3 h6 11. Bh4 Nh5 12. Bxe7 Rxe7 13. Qc2 Nf4 14. Bf5 Bh5
15. g3 Ne6 16. g4 Bg6 17. Bxg6 fxg6 18. Qxg6 Nf4 19. Qf5 Rf7 20. Qc2 Qf6 21. Re3
Raf8 22. Rae1 Nh3+ 23. Kg2 Ng5 24. R1e2 Qf4 25. Nxg5 Qxg4+ 26. Rg3 Qxe2 27. Qh7#
{Black checkmated} 1-0

[Event "Team 45 45 League T46"]
[Site "Internet Chess Club"]
[Date "2010.09.11"]
[Round "6"]
[White "Rookmaster"]
[Black "picante"]
[Result "1-0"]
[WhiteElo "1757"]
[BlackElo "1734"]
[Opening "Sicilian defense"]
[ECO "B40"]
[Time "01:11:56"]
[TimeControl "2700+45"]

1. e4 c5 2. Nf3 e6 3. Nc3 d6 4. Bb5+ Nd7 5. O-O a6 6. Bxd7+ Bxd7 7. d4 cxd4 8.
Qxd4 Nf6 9. Bg5 Bc6 10. Rfe1 Be7 11. Rad1 O-O 12. Bxf6 gxf6 13. Re3 Qa5 14. Nh4
Qh5 15. Rg3+ Kh8 16. Rh3 Qg4 17. f3 Qg5 18. Ne2 e5 19. Qf2 Bd7 20. Rg3 Qh5 21.
Nf5 Bxf5 22. exf5 Qxf5 23. Nc3 Rac8 24. Nd5 Rxc2 25. Nxe7 Rxf2 26. Nxf5 Rxb2 27.
Rxd6 Rc8 28. h3 Rxa2 29. Nh6 Rf8 30. Rd8 {Black resigns} 1-0

[Event "Team 45 45 League T46"]
[Site "Internet Chess Club"]
[Date "2010.09.11"]
[Round "6"]
[White "John3v16"]
[Black "Kingofknights"]
[Result "1/2-1/2"]
[WhiteElo "1728"]
[BlackElo "1623"]
[Opening "QGD Slav: 4.e3"]
[ECO "D11"]
[Time "08:45:22"]
[TimeControl "2700+45"]

1. c4 c6 2. d4 d5 3. e3 Nf6 4. Nf3 Bg4 5. Nbd2 e6 6. Qb3 Qb6 7. c5 Qxb3 8. axb3
a5 9. b4 a4 10. b5 Nbd7 11. b3 a3 12. Rxa3 Rxa3 13. Bxa3 Be7 14. Bd3 O-O 15. O-O
Ra8 16. Ra1 Bf5 17. Bxf5 exf5 18. bxc6 bxc6 19. Bb2 Rxa1+ 20. Bxa1 Ne4 21. b4 f6
22. Nb3 Bd8 23. h4 g6 24. g3 Kf7 25. Kg2 Nb8 26. Na5 Ke7 27. Ne1 Nd2 28. f3 Kd7
29. Nc2 Na6 30. Bc3 Nb1 31. Be1 Nc7 32. Kf2 Nb5 33. Ke2 N1a3 34. Na1 h5 35. N1b3
Kc7 36. Kd3 Kd7 37. e4 fxe4+ 38. fxe4 dxe4+ 39. Kxe4 Bc7 40. d5 f5+ 41. Kd3 cxd5
42. Bf2 Be5 43. c6+ Kd6 44. Nc5 f4 45. gxf4 Bxf4 46. Be3 Bxe3 47. Kxe3 Nc2+ 48.
Kf4 Nxb4 49. Nab7+ Kxc6 50. Kg5 d4 51. Kxg6 d3 52. Ne4 Kxb7 53. Kxh5 Nd6 54.
Nxd6+ Kc6 55. Ne4 Kd5 56. Nf2 d2 57. Kg6 Nd3 58. Nd1 Ke5 59. Kg5 Nf4 {Game drawn
by mutual agreement} 1/2-1/2

[Event "Team 45 45 League T46"]
[Site "Internet Chess Club"]
[Date "2010.09.12"]
[Round "6"]
[White "Ernie1"]
[Black "RD1974"]
[Result "1/2-1/2"]
[WhiteElo "1607"]
[BlackElo "1805"]
[Opening "Trompowsky attack (Ruth, Opocenský opening)"]
[ECO "A45"]
[Time "19:06:19"]
[TimeControl "2700+45"]

1. d4 Nf6 2. Bg5 e6 3. e4 Be7 4. e5 Nd5 5. Bxe7 Qxe7 6. c4 Nf4 7. g3 Ng6 8. Nc3
a6 9. Bg2 Nc6 10. Nge2 d6 11. f4 Rb8 12. d5 Nd8 13. Qd4 c5 14. dxc6 dxe5 15.
fxe5 Nxc6 16. Qd6 Ngxe5 17. Bxc6+ Nxc6 18. O-O-O Qxd6 19. Rxd6 Ke7 20. c5 Ne5
21. Na4 Bd7 22. Nb6 Bc6 23. Rhd1 Rhd8 24. Nf4 Rxd6 25. cxd6+ Kd8 26. Nd3 Nd7 27.
Nxd7 Bxd7 28. Ne5 Rc8+ 29. Kb1 Ke8 30. b3 f6 31. Nc4 e5 32. Na5 b5 33. b4 Bf5+
34. Ka1 Rc2 35. Nb7 Rc6 36. Nc5 Bd7 37. Kb2 Rb6 38. Rd5 Kd8 39. Rd2 g6 40. Kc3
Rc6 41. Kb2 f5 42. Kc1 e4 43. Kd1 g5 44. Ke2 a5 45. a3 a4 46. Ke3 h5 47. Rd5 Kc8
48. Kd4 h4 49. Ke5 hxg3 50. hxg3 e3 51. Rd3 e2 52. Re3 f4 53. gxf4 gxf4 54. Kxf4
Rxd6 55. Rxe2 Rf6+ 56. Ke5 Rf3 57. Kd6 Rf6+ 58. Ke7 Bg4 59. Kxf6 Bxe2 60. Ke5
Kc7 61. Kd4 Kc6 62. Ne6 Kd6 63. Nf4 Bc4 64. Ng6 Bf1 65. Ne5 Be2 66. Nf7+ Kc6 67.
Ne5+ Kd6 68. Nf7+ Ke6 69. Ne5 {Game drawn by mutual agreement} 1/2-1/2

[Event "Team 45 45 League T46"]
[Site "Internet Chess Club"]
[Date "2010.09.10"]
[Round "6"]
[White "TerryMalloy"]
[Black "egyptiantiger"]
[Result "1/2-1/2"]
[WhiteElo "2039"]
[BlackElo "2121"]
[Opening "King's Indian: Sämisch, 5...O-O"]
[ECO "E81"]
[Time "15:09:20"]
[TimeControl "2700+45"]

1. d4 Nf6 2. c4 g6 3. Nc3 Bg7 4. e4 d6 5. f3 O-O 6. Bg5 h6 7. Be3 e5 8. d5 a5 9.
Qd2 Kh7 10. h4 Na6 11. Nh3 Nh5 12. Bd3 Bxh3 13. Rxh3 Nc5 14. Bc2 Qd7 15. O-O-O
a4 16. Rdh1 a3 17. b3 Rfd8 18. Ne2 b5 19. cxb5 Qxb5 20. g4 Nf4 21. Nxf4 exf4 22.
Bxf4 Na6 23. h5 g5 24. Be3 Nb4 25. Bb1 c5 26. f4 c4 27. bxc4 Rdc8 28. Kd1 Rxc4
29. fxg5 Rac8 30. gxh6 Qa4+ 31. Ke2 Rc2 32. e5 Kg8 33. hxg7 Rxd2+ 34. Bxd2 Qb5+
35. Bd3 Nxd3 36. Rxd3 Kxg7 37. h6+ Kh7 38. Rf1 dxe5 39. Rxf7+ Kh8 40. Re7 Rf8
41. Rxe5 Rf2+ 42. Kxf2 Qxd3 43. Be3 Qc2+ 44. Kf3 Kg8 45. Rg5+ Kf7 46. Rg7+ Ke8
47. h7 Qd1+ 48. Kf4 Qf1+ 49. Kg5 Qh3 50. Rg8+ Kd7 51. h8=Q Qxe3+ 52. Kf5 Qf3+
{Game drawn by mutual agreement} 1/2-1/2

[Event "Team 45 45 League T46"]
[Site "Internet Chess Club"]
[Date "2010.09.12"]
[Round "6"]
[White "imgr8"]
[Black "Folgers"]
[Result "0-1"]
[WhiteElo "2154"]
[BlackElo "2114"]
[Opening "KP: Nimzovich defense"]
[ECO "B00"]
[Time "10:31:30"]
[TimeControl "2700+45"]

1. e4 Nc6 2. Nc3 d6 3. d4 Nf6 4. f4 e5 5. d5 Nd4 6. Be3 c5 7. dxc6 Nxc6 8. f5 g6
9. g4 Qa5 10. Bg2 gxf5 11. gxf5 Rg8 12. Bf3 d5 13. exd5 Ne7 14. Qd2 Nxf5 15.
O-O-O Bb4 16. Bf2 Nd6 17. Bh4 Nfe4 18. Qe3 Bxc3 19. Bxe4 Bxb2+ 20. Kb1 Bc3 21.
Rd3 Qb4+ 22. Kc1 Nxe4 {White resigns} 0-1

[Event "Team 45 45 League T46"]
[Site "Internet Chess Club"]
[Date "2010.09.09"]
[Round "6"]
[White "cysk"]
[Black "jefferyx"]
[Result "1/2-1/2"]
[WhiteElo "1745"]
[BlackElo "1998"]
[Opening "Sicilian: closed, 2...Nc6"]
[ECO "B23"]
[Time "19:31:10"]
[TimeControl "2700+45"]

1. e4 c5 2. Nc3 Nc6 3. Bb5 Nd4 4. Bc4 e6 5. Nge2 Ne7 6. O-O Nec6 7. d3 Be7 8.
Nxd4 cxd4 9. Ne2 O-O 10. Bd2 d5 11. exd5 exd5 12. Bb3 Bg4 13. h3 Be6 14. Nf4 Bg5
15. Nxe6 fxe6 16. f4 Bf6 17. Qg4 Qd6 18. Rae1 Rae8 19. a4 b6 20. f5 e5 21. c4
Na5 22. Ba2 dxc4 23. Bxa5 bxa5 24. Bxc4+ Kh8 25. b3 Bd8 26. Be6 Bc7 27. Qe4 g6
28. Rc1 gxf5 29. Bxf5 Qe7 30. Bxh7 Bb6 31. Bg6 Rd8 32. Bf5 Rde8 33. Bg6 Rd8 34.
Qg4 Qg7 35. Qh5+ Kg8 36. Rxf8+ Rxf8 37. Bf5 Qf7 38. Qg5+ Qg7 39. Be6+ Kh7 40.
Qh4+ Qh6 41. Qe4+ Kg7 42. Qxe5+ Rf6 43. Re1 Qd2 44. Qg3+ Rg6 45. Bg4 Qg5 46. Qf3
Rf6 47. Qe4 Qh4 48. Rf1 Rxf1+ 49. Kxf1 Qg5 50. Qf5 Qc1+ 51. Ke2 Qe3+ 52. Kd1
Qg1+ 53. Kd2 Qxg2+ 54. Be2 Qc6 55. Qg4+ Kh8 56. Bd1 Qc3+ 57. Ke2 Bc7 58. Qf5 Bb6
59. h4 Qc7 60. h5 Qh2+ 61. Ke1 Qd6 62. Bf3 Bc7 63. Be4 {Game drawn by mutual
agreement} 1/2-1/2

[Event "Team 45 45 League T46"]
[Site "Internet Chess Club"]
[Date "2010.09.14"]
[Round "6"]
[White "irock"]
[Black "Eyechess"]
[Result "0-1"]
[WhiteElo "1745"]
[BlackElo "1864"]
[Opening "French: exchange variation"]
[ECO "C01"]
[Time "19:00:20"]
[TimeControl "2700+45"]

1. e4 e6 2. d4 d5 3. exd5 exd5 4. Nf3 Bd6 5. c4 Qe7+ 6. Be3 Nf6 7. Nc3 O-O 8.
Be2 dxc4 9. Bxc4 Ng4 10. Nd5 Qe4 11. O-O Nxe3 12. Nxe3 Qf4 13. Re1 Nc6 14. Nd5
Qh6 15. Qc1 Qh5 16. Nf4 Qf5 17. Nd5 Bd7 18. a3 Rfe8 19. Qc3 Rad8 20. b4 Qh5 21.
Ne3 Bc8 22. Nf1 Bg4 23. Ng3 Bxg3 24. fxg3 Bxf3 25. gxf3 Qf5 26. Bd3 Qd7 27.
Rxe8+ Rxe8 28. Rd1 Rd8 29. d5 Ne7 30. Qd4 b6 31. Qe5 g6 32. Bc4 Qd6 33. Qxd6
Rxd6 34. Bb3 a6 35. Kf2 Kf8 36. Ke3 Nf5+ 37. Kf4 Rd7 38. g4 Nd6 39. h4 Nb5 40.
Bc4 Nxa3 41. Bxa6 Nc2 42. b5 Nb4 43. Bb7 Na2 44. Bc6 Rd8 45. Kg5 Kg7 46. Kf4 Nb4
47. Ke5 f6+ 48. Kd4 Nxc6+ 49. bxc6 Kf7 50. Re1 h5 51. gxh5 gxh5 52. Kc4 Kf8 53.
Re6 Kf7 54. Re4 Rd6 55. f4 Rd8 56. f5 Re8 57. Rd4 Re5 58. Rf4 Ke7 59. Kd4 Kd6
60. Kc4 Rxd5 61. Kb4 Kxc6 62. Rc4+ Kd6 63. Re4 Rxf5 {White resigns} 0-1

[Event "Team 45 45 League T46"]
[Site "Internet Chess Club"]
[Date "2010.09.11"]
[Round "6"]
[White "MikeA"]
[Black "QueensCounselor"]
[Result "0-1"]
[WhiteElo "2113"]
[BlackElo "2189"]
[Opening "Petrov: classical attack"]
[ECO "C42"]
[Time "16:00:23"]
[TimeControl "2700+45"]

1. e4 e5 2. Nf3 Nf6 3. Nxe5 d6 4. Nf3 Nxe4 5. d4 d5 6. Bd3 Bf5 7. O-O Bd6 8. Re1
O-O 9. Nc3 Nxc3 10. bxc3 Qd7 11. Ne5 Bxe5 12. dxe5 Nc6 13. Qf3 Bxd3 14. cxd3 d4
15. c4 Rfe8 16. Bf4 Re6 17. Rab1 b6 18. Re4 Rae8 19. Rbe1 Nb4 20. Qe2 c5 21. a3
Nc6 22. Bg3 Qb7 23. f4 Ne7 24. Qf3 Nf5 25. Bf2 Rg6 26. g4 b5 27. Kf1 Nh6 28. g5
Nf5 29. Qh3 Ne7 30. cxb5 Qxb5 31. e6 fxe6 32. Rxe6 Qd7 33. R6e3 Qxh3+ 34. Rxh3
Rd6 35. Re5 Rd5 36. Re6 g6 37. Ke2 Rdd8 38. Kf3 Nf5 39. Rc6 Rc8 40. Rxc8 Rxc8
41. Ke4 Re8+ 42. Kd5 Re2 43. Rf3 Ra2 44. Kxc5 Rxa3 45. Bxd4 Ra5+ 46. Kc4 Ra4+
{White resigns} 0-1

[Event "Team 45 45 League T46"]
[Site "Internet Chess Club"]
[Date "2010.09.11"]
[Round "6"]
[White "fledermaus"]
[Black "CaoCao"]
[Result "1-0"]
[WhiteElo "2015"]
[BlackElo "1888"]
[Opening "English opening"]
[ECO "A05"]
[Time "10:11:44"]
[TimeControl "2700+45"]

1. Nf3 Nf6 2. c4 e6 3. Nc3 c5 4. g3 Nc6 5. Bg2 Be7 6. d4 cxd4 7. Nxd4 O-O 8. O-O
a6 9. h3 Qc7 10. Be3 d6 11. Rc1 Bd7 12. Qd2 Nxd4 13. Bxd4 Rac8 14. Rfd1 Kh8 15.
b3 Qb8 16. a4 Bc6 17. a5 Bxg2 18. Kxg2 e5 19. Bb6 Rc6 20. Na2 Qc8 21. Nb4 Rxb6
22. axb6 Qc5 23. Nd5 Ne4 24. Qe3 Qxe3 25. Nxe3 Bg5 26. Rc2 Bxe3 27. fxe3 h5 28.
b4 Rc8 29. c5 dxc5 30. bxc5 Rxc5 31. Rxc5 Nxc5 32. Rd5 Na4 33. Rd7 Nxb6 34. Rxb7
Nd5 35. Rxf7 Nxe3+ 36. Kf3 Nc4 37. Rc7 Nd6 38. Ra7 Kh7 39. Rxa6 Nf5 40. Ra5 Nd4+
41. Ke3 Nf5+ 42. Kf2 h4 43. g4 Ng3 44. Rxe5 Kg6 45. Re3 {Black resigns} 1-0

[Event "Team 45 45 League T46"]
[Site "Internet Chess Club"]
[Date "2010.09.09"]
[Round "6"]
[White "frank001"]
[Black "jonesey"]
[Result "0-1"]
[WhiteElo "1813"]
[BlackElo "1962"]
[Opening "Ponziani: Jaenisch counter-attack"]
[ECO "C44"]
[Time "04:00:03"]
[TimeControl "2700+45"]

1. e4 e5 2. Nf3 Nc6 3. c3 Nf6 4. d4 Nxe4 5. d5 Ne7 6. Nxe5 Ng6 7. Qd4 Bc5 8.
Qxe4 Qe7 9. b4 Bb6 10. f4 f6 11. a4 a6 12. Nd2 fxe5 13. Nc4 exf4 14. Qxe7+ Kxe7
15. Nxb6 cxb6 16. Bd3 Rf8 17. O-O d6 18. Bd2 Bf5 19. Rae1+ Kd7 20. Bc4 Rae8 21.
Rxe8 Kxe8 22. Bxf4 Nxf4 23. Rxf4 Bc2 24. Rxf8+ Kxf8 25. a5 b5 26. Be2 Bb3 27.
Bf3 Kf7 28. Be4 h6 29. h4 Kf6 30. Kf2 Ke5 31. Ke3 Bxd5 32. Bxd5 Kxd5 33. g4 Kc4
34. Kd2 d5 35. Kc2 d4 36. cxd4 Kxd4 37. g5 Kc4 38. gxh6 gxh6 39. h5 Kxb4 40. Kd3
Kxa5 41. Ke4 b4 {White resigns} 0-1

[Event "Team 45 45 League T46"]
[Site "Internet Chess Club"]
[Date "2010.09.12"]
[Round "6"]
[White "smitty120"]
[Black "chipionero"]
[Result "1-0"]
[WhiteElo "1916"]
[BlackElo "1708"]
[Opening "Sicilian: Najdorf, 6.f4"]
[ECO "B93"]
[Time "10:03:57"]
[TimeControl "2700+45"]

1. e4 c5 2. Nf3 d6 3. d4 cxd4 4. Nxd4 Nf6 5. Nc3 a6 6. f4 e6 7. Bd3 Nc6 8. Be3
Be7 9. O-O Qb6 10. Na4 Qc7 11. a3 O-O 12. Nxc6 Qxc6 13. Nb6 Rb8 14. Qf3 Nd7 15.
Nc4 b5 16. Na5 Qc7 17. b4 Bf6 18. Rab1 Nb6 19. e5 dxe5 20. Qe4 g6 21. Bc5 Re8
22. Rbe1 exf4 23. Rxf4 Nd5 24. Rff1 Bb7 25. c4 bxc4 26. Bxc4 Bc3 27. Re2 Nb6 28.
Qd3 Nxc4 29. Nxc4 Bg7 30. Nd6 Red8 31. Rd2 Rd7 32. Qe3 Rbd8 33. Rfd1 Bc6 34. Bb6
Qb8 35. Bxd8 Qxd8 36. Nb7 Qc7 37. Nc5 Rxd2 38. Rxd2 Qb6 39. Qd3 Bb5 40. Qd8+
Qxd8 41. Rxd8+ Bf8 42. Nd7 Bxd7 43. Rxd7 a5 44. bxa5 Bxa3 45. a6 Bc5+ {Black
resigns} 1-0

[Event "Team 45 45 League T46"]
[Site "Internet Chess Club"]
[Date "2010.09.11"]
[Round "6"]
[White "kidviper"]
[Black "imawesome"]
[Result "0-1"]
[WhiteElo "1859"]
[BlackElo "1710"]
[Opening "Sicilian: accelerated fianchetto, modern variation with Bc4"]
[ECO "B35"]
[Time "14:02:07"]
[TimeControl "2700+45"]

1. e4 c5 2. Nf3 g6 3. d4 cxd4 4. Nxd4 Nc6 5. Nc3 Bg7 6. Be3 Nf6 7. Bc4 O-O 8.
O-O Nxe4 9. Nxe4 d5 10. Bxd5 Qxd5 11. Nc3 Qc4 12. Qe2 Qb4 13. Nxc6 bxc6 14. Nd1
a5 15. Re1 Ba6 16. Qd2 c5 17. c3 Qb5 18. f3 Rfd8 19. Qc2 e6 20. Nf2 Rab8 21.
Rab1 f5 22. Bf4 Ra8 23. Rxe6 Qc4 24. Qb3 a4 25. Qxc4 Bxc4 26. Rc6 Bxa2 27. Ra1
Bb3 28. Rxc5 Bf8 29. Rc7 Bd6 30. Bxd6 Rxd6 31. Rb7 Rd2 32. Rxb3 Re8 33. Rb4 Ree2
34. Rf1 Rxb2 35. Rxb2 Rxb2 36. Ra1 a3 37. g3 a2 38. Kg2 Kf7 39. f4 Ke6 40. Kf3
Rc2 41. c4 Kd6 42. Nd1 Kc5 43. Ne3 Rb2 44. h4 Kb4 45. Nd5+ Kxc4 46. Nf6 h5 47.
Nd7 Kb3 48. Ne5 Rb1 49. Rxa2 Kxa2 50. Nxg6 Rb8 51. Ne7 Rf8 52. Nd5 Kb3 53. Nc7
Kc4 54. Ne6 Rf7 55. Nd8 Rd7 56. Ne6 Re7 57. Ng5 Kd3 58. Kg2 Ke2 59. Nf3 Ke3 60.
Ne5 Rc7 61. Kh3 Rc3 62. Kg2 Rc2+ 63. Kh3 Kf2 64. g4 Rc3+ 65. Kh2 hxg4 66. Nf3
Rxf3 67. h5 Rh3# {White checkmated} 0-1